 Dungeon Crawl Stone Soup version 0.30.2 (webtiles) character file.

Game seed: 6624235906080765121

61 porpoise the Shooter (level 4, -2/26 (27) HPs)
             Began as a Tengu Hunter on Mar 2, 2024.
             Constricted to death by Crazy Yiuf (6 damage)
             ... on level 2 of the Dungeon.
             The game lasted 00:06:18 (1785 turns).

porpoise the Shooter (Tengu Hunter)                 Turns: 1785, Time: 00:06:18

HP:   -2/26 (27)    AC:  5    Str: 11    XL:     4   Next: 7%
MP:   5/5           EV:  8    Int:  9    God:
Gold: 105           SH:  0    Dex: 20    Spells: 3/3 levels left

rFire   . . .        b - +1 whip (freeze)
rCold   . . .        (no shield)
rNeg    . . .        h - +0 ring mail
rPois   .            (helmet restricted)
rElec   .            (no cloak)
rCorr   .            (no gloves)
SInv    .            (boots unavailable)
Will    .....        (no amulet)
Stlth   ++           (no ring)
HPRegen 0.24/turn    (no ring)
MPRegen 0.09/turn

%: no passive effects
@: grasped by roots, constricted, lightly drained
A: beak, talons 3
a: no special abilities


You were on level 2 of the Dungeon.
You visited 1 branch of the dungeon, and saw 3 of its levels.

You collected 105 gold pieces.

Inventory:

Hand Weapons
 a - a +0 shortbow
 b - a +1 whip of freezing (weapon)
Missiles
 l - 5 atropa-tipped darts
Armour
 c - a +0 leather armour
 h - a +0 ring mail (worn)
 k - a +0 buckler
Scrolls
 d - a scroll of magic mapping {unknown}
 f - a scroll of immolation
 i - a scroll of blinking {unknown}
 m - a scroll of teleportation {unknown}
Potions
 g - a potion of might
 j - a potion of invisibility
 n - a potion of brilliance {unknown}


   Skills:
 + Level 2.6 Fighting
 * Level 5.3 Ranged Weapons
 + Level 0.9 Armour
 - Level 2.1 Dodging
 - Level 1.7 Stealth


You had 3 spell levels left.
You didn't know any spells.
Your spell library contained the following spells:

 Spells                   Type           Power      Damage    Failure   Level
 Beastly Appendage        Tmut           0%         N/A       69%         1
 Wereblood                Tmut           0%         N/A       83%         2
 Portal Projectile        Hex/Tloc       0%         N/A       96%         3
 Spider Form              Tmut/Pois      0%         N/A       96%         3
 Tukima's Dance           Hex            0%         N/A       96%         3
 Blade Hands              Tmut           0%         N/A       100%        5


Dungeon Overview and Level Annotations

Branches:
Dungeon (3/15)

Altars:

Shops:
D:2 ::

Annotations:
D:2 Crazy Yiuf


Innate Abilities, Weirdness & Mutations

You have a beak for a mouth.
You have claws for feet.


Message History

You shoot an arrow. The arrow hits Crazy Yiuf.
Crazy Yiuf is lightly wounded.
Crazy Yiuf zaps a wand.
The roots erupt in riotous growth!
The grasping roots grab you!
Crazy Yiuf is unaffected.
The grasping roots constrict you.
Crazy Yiuf hits you with a +2 quarterstaff of chaos.
Crazy Yiuf freezes you. The grasping roots constrict you.
You aren't carrying any items that you can evoke.
You shoot an arrow. The arrow hits Crazy Yiuf.
Crazy Yiuf is moderately wounded.
Crazy Yiuf grits, "Iron rumpyflump infinity!"
Crazy Yiuf barely misses you. The grasping roots constrict you.
You shoot an arrow.
The arrow hits Crazy Yiuf but does no damage.
Crazy Yiuf is moderately wounded.
Crazy Yiuf hits you with a +2 quarterstaff of chaos.
* * * LOW HITPOINT WARNING * * *
Crazy Yiuf freezes you.
* * * LOW HITPOINT WARNING * * *
The grasping roots constrict you.
* * * LOW HITPOINT WARNING * * *
The grasping roots release their grip on you.
You feel better.
Crazy Yiuf hits you with a +2 quarterstaff of chaos.
* * * LOW HITPOINT WARNING * * *
You feel drained.
* * * LOW HITPOINT WARNING * * *
You feel better. Crazy Yiuf misses you.
Your +1 whip of freezing glows with a cold blue light!
b - a +1 whip of freezing (weapon)
Crazy Yiuf hits you with a +2 quarterstaff of chaos!
* * * LOW HITPOINT WARNING * * *
Crazy Yiuf burns you.
* * * LOW HITPOINT WARNING * * *
You hit Crazy Yiuf but do no damage. You claw Crazy Yiuf.
Crazy Yiuf is heavily wounded.
Crazy Yiuf zaps a wand.
The roots erupt in riotous growth!
The grasping roots grab you!
Crazy Yiuf is unaffected.
The grasping roots constrict you.
You die...

....#..###.#
#....# #.#~
.......###.#
#....# #..)
###.#......#
♣..P.♣ ##..
#.....##.#
♣♣PP.♣ ### #
#........#
♣♣.♣♣
#######.####
♣♣.♣
.)........#
♣.♣♣
⌠...⌠.....#
♣♣.♣
..∩.......#
♣@♣♣
⌠...⌠.....#
#g#
..........#
...
#.#########
#...# ..#
#)..# .##
####### #####
.#####.....#
....##.##..###
.##.##.##.##.#


You could see Crazy Yiuf.

Vanquished Creatures
  An adder (D:2)
  A worm (D:2)
  2 dart slugs (D:1)
  3 bats
  5 endoplasms
  4 giant cockroaches (D:1)
  2 goblins (D:1)
  6 hobgoblins (D:1)
  A quokka (D:2)
  6 ball pythons
  4 frilled lizards (D:1)
  4 kobolds
  4 rats
43 creatures vanquished.

Notes
Turn   | Place    | Note
-------+----------+-------------------------------------------
     0 | D:1      | porpoise the Tengu Hunter began the quest for the Orb.
     0 | D:1      | Reached XP level 1. HP: 12/12 MP: 2/2
   155 | D:1      | Reached XP level 2. HP: 17/17 MP: 3/3
   460 | D:1      | Reached XP level 3. HP: 22/22 MP: 4/4
   524 | D:1      | Reached skill level 5 in Ranged Weapons
  1103 | D:2      | Found a runed translucent door.
  1120 | D:2      | Found a faded altar of an unknown god.
  1149 | D:2      | Found Kaniaxte's Vocational Training.
  1297 | D:2      | Reached XP level 4. HP: 27/27 MP: 5/5
  1308 | D:2      | Found Dirovoec's Book Shoppe.
  1775 | D:2      | Noticed Crazy Yiuf
  1785 | D:2      | Constricted to death by Crazy Yiuf

Illustrated notes

Levels and vault maps discovered:
D:1:      lightli_arrival_windingriver, layout_loops_corners,
          dreamdust_wishing_well
D:2:      layout_loops_cross, serial_shops, nicolae_shop_hallway_stairs,
          basic_ecumenical_altar, serial_rivers, chequers_serial_rivers_small_3,
          chequers_serial_rivers_room_b, chequers_serial_rivers_marsh,
          chequers_serial_rivers_marsh, chequers_serial_rivers_small_3,
          chequers_serial_rivers_room_a, nicolae_shop_vocational,
          uniq_crazy_yiuf_cottage
D:3:      layout_rooms, grunt_ministairs_15

Skill      XL: |  1  2  3 |
---------------+----------+-----
Ranged Weapons | 5 |  5.3
Fighting       | |  2.6
Armour         | |  0.9
Dodging        | |  2.1
Stealth        | |  1.7

Action                     |  1- 3 |  4- 6 || total
---------------------------+-------+-------++-------
  Melee: Whip              |       |     1 ||     1
         Kick              |       |     1 ||     1
   Fire: Shortbow          |   107 |     7 ||   114
    Use: Scroll            |     2 |     1 ||     3
         Potion            |       |     2 ||     2
 Armour: Leather armour    |     7 |       ||     7
         Ring mail         |     7 |       ||     7
  Dodge: Dodged            |    26 |     2 ||    28
